 Dungeon Crawl Stone Soup version 0.23.2-33-g5129a83184 (webtiles) character file.

Game seed: 5639188250397610976

165 Felnil the Skirmisher (level 5, -6/41 HPs)
             Began as a Mummy Fighter on Aug 4, 2019.
             Mangled by an ogre
             ... wielding a +0 giant spiked club
              (16 damage)
             ... on level 3 of the Dungeon.
             The game lasted 00:10:15 (1925 turns).

Felnil the Skirmisher (Mummy Fighter)               Turns: 1925, Time: 00:10:16

Health: -6/41      AC:  7    Str: 21      XL:     5   Next: 21%
Magic:  5/5        EV:  9    Int:  7      God:
Gold:   88         SH:  9    Dex: 11 (13) Spells: 4/4 levels left

rFire    x . .     SeeInvis .   a - +2 trident
rCold    + . .     Gourm    .   c - +0 shield
rNeg     + + +     Faith    .   b - +1 scale mail
rPois    ∞         Spirit   .   (no helmet)
rElec    .         Reflect  .   (no cloak)
rCorr    .         Harm     .   (no gloves)
MR       .....                  (no boots)
Stlth    ..........             h - amulet of regeneration
HPRegen  0.53/turn              d - +2 ring of strength
MPRegen  0.09/turn              g - +2 ring of evasion

@: no status effects
A: no food or potions, fire vulnerability, cold resistance 1, negative energy
resistance 3, torment resistance, unbreathing
a: no special abilities


You were on level 3 of the Dungeon.
You were not hungry.

You visited 1 branch of the dungeon, and saw 3 of its levels.

You collected 88 gold pieces.

Inventory:

Hand Weapons
 a - a +2 trident (weapon)
Armour
 b - a +1 scale mail (worn)
 c - a +0 shield (worn)
Jewellery
 d - a +2 ring of strength (left hand)
 f - an uncursed amulet of the acrobat
 g - a +2 ring of evasion (right hand)
 h - an amulet of regeneration (around neck)
 k - an uncursed ring of magical power
Wands
 m - a wand of random effects (22)
Scrolls
 e - a scroll of teleportation
 l - 2 scrolls of remove curse


   Skills:
 + Level 3.6 Fighting
 + Level 3.1 Polearms
 + Level 3.0 Armour
 + Level 0.4 Dodging
 + Level 3.1 Shields


You had 4 spell levels left.
You didn't know any spells.
Your spell library was empty.

Dungeon Overview and Level Annotations

Branches:
Dungeon (3/15)

Altars:

Annotations:
D:3 1 transporter, Descartes's ghost, amateur FoFi


Innate Abilities, Weirdness & Mutations

You do not eat or drink.
Your flesh is vulnerable to fire.
You are immune to poison.
Your flesh is cold resistant. (rC+)
You are immune to negative energy. (rN+++)
You are immune to unholy pain and torment.
You can survive without breathing.


Message History

The ogre is heavily wounded.
The ogre barely misses you.
You hit the ogre.
The ogre is heavily wounded.
You hit the ogre.
The ogre is lightly wounded.
You block the ogre's attack.
You hit the ogre.
The ogre is lightly wounded.
The ogre hits you with a +0 giant spiked club!
* * * LOW HITPOINT WARNING * * *
You puncture the ogre!
The ogre is heavily wounded.
You hit the ogre.
The ogre is heavily wounded.
You block the ogre's attack. x2
You puncture the ogre!
The ogre is severely wounded.
The ogre hits you with a +0 giant spiked club!
You die...

...#.# ##..#. .... #
.....#.#######.###
.....#.#..........
....#.#.......##.
...#.#.....†).#.
########..#........##
#.WO@..#r.#.........#
#..##O.#..#.......#.#
#.#O.#.#.............
#.#..#.#.##..........
#..##.$#©.#..........
#©....%#...#####...##
#..##.$#©..# ...#
#)#..#.#.....# .....
#.#..#.#.....# ....


You could see 2 ogres, Descartes's ghost and a rat.

Vanquished Creatures
  A quasit (D:3)
  A worker ant (D:3)
  3 adders
  A gnoll (D:1)
  3 oozes
  A dart slug (D:1)
  An orc (D:3)
  A ball python (D:2)
  6 bats
  6 giant cockroaches
  8 goblins
  8 hobgoblins
  2 jackals (D:1)
  5 frilled lizards
  3 kobolds
  9 rats
59 creatures vanquished.

Notes
Turn   | Place    | Note
-------+----------+-------------------------------------------
     0 | D:1      | Felnil the Mummy Fighter began the quest for the Orb.
     0 | D:1      | Reached XP level 1. HP: 18/18 MP: 1/1
   167 | D:1      | Reached XP level 2. HP: 23/24 MP: 2/2
   488 | D:1      | Reached XP level 3. HP: 29/29 MP: 3/3
  1361 | D:2      | Reached XP level 4. HP: 34/35 MP: 4/4
  1809 | D:3      | Reached XP level 5. HP: 40/41 MP: 5/5
  1885 | D:3      | Found a transporter.
  1888 | D:3      | Noticed Descartes's ghost (amateur FoFi)
  1889 | D:3      | Identified the +7 dire flail "Lerapru" {holy, *Noise rElec
                  | rN+}
  1889 | D:3      | Noticed an ogre
  1891 | D:3      | Noticed an ogre
  1892 | D:3      | Found a transporter.
  1893 | D:3      | Noticed an ogre
  1925 | D:3      | Mangled by an ogre

Skill      XL: |  1  2  3  4 |
---------------+-------------+-----
Polearms       | 2 3 |  3.1
Armour         | 3 |  3.0
Shields        | 3 |  3.1
Fighting       | |  3.6
Dodging        | |  0.4

Action                   |  1- 3 |  4- 6 || total
-------------------------+-------+-------++-------
Melee: Trident           |   149 |   115 ||   264
Evoke: Wand              |       |     1 ||     1
  Use: Scroll            |     5 |     3 ||     8
Armor: Scale mail        |    46 |    60 ||   106
Dodge: Dodged            |    36 |    54 ||    90
Block: Shield            |    75 |    74 ||   149
